[Event "European-ch Seniors 2018"]
[Site "Drammen"]
[Date "2018.08.09"]
[Round "6"]
[White "Agdestein, Simen"]
[Black "Gayson, Peter"]
[Result "1-0"]
[ECO "A04"]
[WhiteElo "2576"]
[BlackElo "2150"]
[Annotator "ChessBase"]
[PlyCount "83"]
[EventDate "2018.08.04"]
[EventType "swiss"]
[EventCountry "NOR"]
[SourceTitle "playchess.com"]
[Source "ChessBase"]
[SourceQuality "1"]
[TimeControl "40/5400+30:1800+30"]

1. Nf3 f5 2. d3 d5 3. Nbd2 Nf6 4. c4 c6 5. b3 e6 6. Bb2 Be7 7. g3 O-O 8. Bg2 Ne8 9. O-O Bf6 10. Qc2 Bxb2 11. Qxb2 Qf6 12. Ne5 Nd7 13. f4 Nd6 14. e4 dxe4 15. dxe4 Nf7 16. Nd3 e5 17. Rae1 Qd6 18. Qc3 Nc5 19. Nxe5 Nxe5 20. fxe5 Qh6 21. b4 Nxe4 22. Nxe4 fxe4 23. Rxf8+ Kxf8 24. Bxe4 Bh3 25. b5 Kg8 26. bxc6 bxc6 27. Qd3 Rf8 28. c5 Qh5 29. Bxc6 Kh8 30. Bd5 Qg4 31. e6 Qb4 32. Qe3 Qb5 33. Bf3 h6 34. e7 Re8 35. c6 Qc4 36. Qxa7 Qb4 37. Qe3 Qc4 38. a3 Qc2 39. Qf2 Qf5 40. Bg2 Qc8 41. Bxh3 Qxh3 42. Qf8+ 1-0

[Event "European-ch Seniors 2018"]
[Site "Drammen"]
[Date "2018.08.09"]
[Round "6"]
[White "Vorotnikov, Vladislav V"]
[Black "Moen, Ole Christian"]
[Result "1-0"]
[ECO "C29"]
[WhiteElo "2445"]
[BlackElo "2228"]
[Annotator "NA"]
[PlyCount "81"]
[EventDate "2018.08.04"]
[EventType "swiss"]
[EventCountry "NOR"]
[SourceTitle "playchess.com"]
[Source "ChessBase"]
[SourceQuality "1"]
[TimeControl "40/5400+30:1800+30"]

1. e4 e5 2. Nc3 Nf6 3. f4 d5 4. fxe5 Nxe4 $11 5. Nf3 Bg4 6. Qe2 Nc5 7. d4 Ne6 8. Be3 a6 9. Qf2 Bb4 10. a3 Bxc3+ 11. bxc3 c5 12. Bd3 c4 13. Be2 Qa5 14. O-O Bxf3 15. Bxf3 Nc6 16. Bh5 O-O 17. Bxf7+ Kh8 18. Qd2 Ncd8 19. Bh5 Rxf1+ 20. Kxf1 Nc6 21. Bg4 Rf8+ 22. Kg1 Ncd8 23. Qe1 Qa4 24. Qc1 Qe8 25. Bf3 Nc7 26. Qb2 b5 27. Qb4 Nde6 28. Rf1 Qg6 29. Qxf8+ Nxf8 30. Bh5 Kg8 31. Bxg6 Nxg6 32. Ra1 Kf7 33. a4 bxa4 34. Rxa4 Nf8 35. Bc1 Nfe6 36. Ba3 h5 37. Bd6 Nb5 38. Bb4 Nbc7 39. Kf2 Ke8 40. Ke3 Kd7 41. Bd6 1-0

[Event "European-ch Seniors 2018"]
[Site "Drammen"]
[Date "2018.08.09"]
[Round "6"]
[White "Bogdanov, Valentin"]
[Black "Gruzmann, Boris"]
[Result "1-0"]
[ECO "E91"]
[WhiteElo "2356"]
[BlackElo "2183"]
[Annotator "NA"]
[PlyCount "79"]
[EventDate "2018.08.04"]
[EventType "swiss"]
[EventCountry "NOR"]
[SourceTitle "playchess.com"]
[Source "ChessBase"]
[SourceQuality "1"]
[TimeControl "40/5400+30:1800+30"]

1. d4 Nf6 2. c4 g6 3. Nc3 Bg7 4. e4 d6 5. Nf3 O-O 6. Be2 Bg4 7. Be3 Nfd7 8. O-O e5 9. d5 f5 10. Ng5 f4 11. Bxg4 Qxg5 12. Bd2 Qe7 13. b4 Nf6 14. Be6+ Kh8 15. f3 h5 16. g3 Nh7 17. Bh3 Nd7 18. Qe2 Ng5 19. Bg2 Nh7 20. Rac1 a6 21. Nd1 fxg3 22. hxg3 b6 23. Nf2 Bf6 24. Nd3 Rg8 25. c5 dxc5 26. bxc5 Nxc5 27. Nxc5 bxc5 28. Be3 h4 29. gxh4 Bxh4 30. Rxc5 Nf6 31. Rfc1 Ne8 32. Bh3 Bg5 33. Rc6 Bxe3+ 34. Qxe3 Qh4 35. Kg2 Rg7 36. Rh1 Rh7 37. Rxg6 Ng7 38. Qc3 Qe7 39. Bg4 Rg8 40. Rgh6 1-0

[Event "European-ch Seniors 2018"]
[Site "Drammen"]
[Date "2018.08.09"]
[Round "6"]
[White "Elseth, Roar"]
[Black "Clark, Gary M"]
[Result "1/2-1/2"]
[ECO "B44"]
[WhiteElo "2311"]
[BlackElo "2285"]
[Annotator "NA"]
[PlyCount "106"]
[EventDate "2018.08.04"]
[EventType "swiss"]
[EventCountry "NOR"]
[SourceTitle "playchess.com"]
[Source "ChessBase"]
[SourceQuality "1"]
[TimeControl "40/5400+30:1800+30"]

1. e4 c5 2. Nf3 e6 3. d4 cxd4 4. Nxd4 Nc6 5. Nxc6 bxc6 6. Bd3 Nf6 7. O-O d5 8. Nd2 Be7 9. Re1 Nd7 10. e5 a5 11. Qg4 g6 12. Nf3 h5 13. Qg3 Nc5 14. Bg5 Ba6 15. Bxa6 Rxa6 16. Bxe7 Qxe7 17. Ng5 Rb6 18. b3 Rb4 19. f4 O-O 20. c3 Rb7 21. Rad1 Kg7 22. Rd4 Kh6 23. Qh3 Rh8 24. Qe3 a4 25. b4 Nd7 26. Rf1 Kg7 27. Rd3 c5 28. a3 cxb4 29. cxb4 Rc8 30. Nf3 Rc4 31. Nd4 Nb8 32. Qg3 Kh7 33. f5 exf5 34. Nf3 Rg4 35. Qf2 Rc7 36. Rfd1 d4 37. h3 Re4 38. h4 Nc6 39. Ng5+ Kg7 40. Nxe4 fxe4 41. Rxd4 Nxd4 42. Qxd4 Qe6 43. Qxe4 Rc4 44. Qe3 Qg4 45. Rf1 Rc2 46. Rf2 Qd1+ 47. Kh2 Qc1 48. Qxc1 Rxc1 49. Kg3 Kf8 50. Rf4 Ke7 51. Rf3 Rc2 52. Rf4 Rc3+ 53. Rf3 Rc2 1/2-1/2

[Event "European-ch Seniors 2018"]
[Site "Drammen"]
[Date "2018.08.09"]
[Round "6"]
[White "Gaprindashvili, Nona"]
[Black "Kolbak, Jens"]
[Result "1/2-1/2"]
[ECO "D37"]
[WhiteElo "2305"]
[BlackElo "2181"]
[Annotator "NA"]
[PlyCount "62"]
[EventDate "2018.08.04"]
[EventType "swiss"]
[EventCountry "NOR"]
[SourceTitle "playchess.com"]
[Source "ChessBase"]
[SourceQuality "1"]
[TimeControl "40/5400+30:1800+30"]

1. d4 Nf6 2. c4 e6 3. Nf3 d5 4. Nc3 a6 5. cxd5 exd5 6. Bg5 Be6 7. e3 Nbd7 8. Bd3 Bd6 9. Rc1 c6 10. O-O O-O 11. Bh4 Qb8 12. Bg3 Bg4 13. b4 Re8 14. Qc2 Bh5 15. Nh4 Bxg3 16. hxg3 Bg6 17. Nxg6 hxg6 18. a4 Qd6 19. Rfe1 Re7 20. b5 axb5 21. axb5 c5 22. dxc5 Qxc5 23. Ne2 Qxc2 24. Bxc2 g5 25. Bb3 Nb6 26. Nd4 g6 27. Rc2 Rc8 28. Rxc8+ Nxc8 29. Nf3 g4 30. Rc1 Nb6 31. Nd4 Kf8 1/2-1/2

[Event "European-ch Seniors 2018"]
[Site "Drammen"]
[Date "2018.08.09"]
[Round "6"]
[White "Stebbings, Anthony"]
[Black "Ogaard, Leif"]
[Result "1/2-1/2"]
[ECO "B46"]
[WhiteElo "2265"]
[BlackElo "2386"]
[Annotator "NA"]
[PlyCount "106"]
[EventDate "2018.08.04"]
[EventType "swiss"]
[EventCountry "NOR"]
[SourceTitle "playchess.com"]
[Source "ChessBase"]
[SourceQuality "1"]
[TimeControl "40/5400+30:1800+30"]

1. e4 c5 2. Nf3 e6 3. d4 cxd4 4. Nxd4 Nc6 5. Nc3 a6 6. Nxc6 bxc6 7. Bd3 Qc7 8. O-O Nf6 9. f4 d5 10. Qe2 Be7 11. Kh1 Bb7 12. Bd2 c5 13. b3 c4 14. bxc4 dxe4 15. Nxe4 Nxe4 16. Bxe4 Bxe4 17. Qxe4 Rc8 18. Rab1 O-O 19. Rb7 Qd8 20. Bc3 Bf6 21. Bb4 Re8 22. c5 Qd4 23. Re1 Red8 24. h3 h5 25. Ra7 Qxe4 26. Rxe4 Rd1+ 27. Kh2 Bd4 28. Rxa6 Bxc5 29. Bxc5 Rxc5 30. c4 Rc1 31. Kg3 R5xc4 32. Rxc4 Rxc4 33. Ra7 h4+ 34. Kf3 Rc3+ 35. Kf2 g6 36. a4 Kg7 37. a5 Ra3 38. a6 Kf6 39. Ke2 Ra4 40. Ke3 Ra2 41. Kf3 Ra3+ 42. Ke2 Rg3 43. Kf2 g5 44. fxg5+ Rxg5 45. Ra8 Ra5 46. a7 Kf5 47. Rh8 Rxa7 48. Rxh4 Ra2+ 49. Kf3 Ra3+ 50. Kf2 e5 51. Rb4 f6 52. g3 Ra2+ 53. Kf3 Ra3+ 1/2-1/2

[Event "European-ch Seniors 2018"]
[Site "Drammen"]
[Date "2018.08.09"]
[Round "6"]
[White "Werner, Clemens"]
[Black "Archangelsky, Mikhail"]
[Result "1-0"]
[ECO "C03"]
[WhiteElo "2258"]
[BlackElo "2033"]
[Annotator "NA"]
[PlyCount "85"]
[EventDate "2018.08.04"]
[EventType "swiss"]
[EventCountry "NOR"]
[SourceTitle "playchess.com"]
[Source "ChessBase"]
[SourceQuality "1"]
[TimeControl "40/5400+30:1800+30"]

1. e4 e6 2. d4 d5 3. Nd2 h6 4. Ngf3 Nf6 5. Bd3 c5 6. e5 Nfd7 7. c3 Nc6 8. O-O g5 9. h3 h5 10. c4 cxd4 11. cxd5 Ncxe5 12. dxe6 fxe6 13. Nc4 Nxd3 14. Qxd3 Rg8 15. Re1 Qf6 16. Bxg5 Rxg5 17. Nxg5 Qxg5 18. Rxe6+ Kf7 19. Rae1 Nf6 20. Nd6+ Bxd6 21. Rxd6 Bf5 22. Qc4+ Kg6 23. Re7 Rf8 24. Re5 Qf4 25. Qxd4 Qxd4 26. Rxd4 Rc8 27. Rd2 Rc7 28. Re1 Kg5 29. Kh2 h4 30. a3 Rh7 31. Rde2 Ng8 32. Re8 Rg7 33. g4 hxg3+ 34. fxg3 Bd7 35. Rf8 Nf6 36. g4 Kg6 37. Kg3 Nd5 38. Re5 Bc6 39. h4 Rd7 40. h5+ Kg7 41. Rf2 Nf6 42. Rg5+ Kf7 43. Rgf5 1-0

[Event "European-ch Seniors 2018"]
[Site "Drammen"]
[Date "2018.08.09"]
[Round "6"]
[White "Blechzin, Igor"]
[Black "Rishovd, Svein"]
[Result "1/2-1/2"]
[ECO "B40"]
[WhiteElo "2250"]
[BlackElo "2046"]
[Annotator "NA"]
[PlyCount "42"]
[EventDate "2018.08.04"]
[EventType "swiss"]
[EventCountry "NOR"]
[SourceTitle "playchess.com"]
[Source "ChessBase"]
[SourceQuality "1"]
[TimeControl "40/5400+30:1800+30"]

1. e4 c5 2. Nf3 e6 3. Nc3 a6 4. g3 b5 5. Bg2 Bb7 6. d3 Be7 7. O-O d6 8. e5 dxe5 9. Nxe5 Bxg2 10. Kxg2 Nf6 11. Qf3 Ra7 12. a4 b4 13. Ne4 O-O 14. Re1 Nd5 15. Nd2 Qc7 16. Ndc4 Nd7 17. Nxd7 Qxd7 18. Ne5 Qd6 19. Nc4 Qd8 20. Bd2 Bf6 21. Be3 Qc7 1/2-1/2

[Event "European-ch Seniors 2018"]
[Site "Drammen"]
[Date "2018.08.09"]
[Round "6"]
[White "Ackermann, Hans Werner"]
[Black "Schouten, Nico"]
[Result "1-0"]
[ECO "A05"]
[WhiteElo "2246"]
[BlackElo "2126"]
[Annotator "NA"]
[PlyCount "65"]
[EventDate "2018.08.04"]
[EventType "swiss"]
[EventCountry "NOR"]
[SourceTitle "playchess.com"]
[Source "ChessBase"]
[SourceQuality "1"]
[TimeControl "40/5400+30:1800+30"]

1. Nf3 Nf6 2. b3 e6 3. Bb2 Be7 4. e3 d5 5. d4 O-O 6. Bd3 b6 7. O-O Bb7 8. c4 c5 9. cxd5 exd5 10. Nc3 Nbd7 11. Rc1 Rc8 12. Qe2 Ne4 13. Rfd1 Nxc3 14. Bxc3 Qc7 15. Bb2 Bd6 16. h3 g6 17. Rc2 Qd8 18. Bb5 Nb8 19. a3 Qe7 20. Qd2 Rfd8 21. Rdc1 f6 22. dxc5 bxc5 23. Nh2 Bxh2+ 24. Kxh2 a6 25. Bf1 Nd7 26. Qa5 Kg7 27. Kg1 h5 28. a4 Qe6 29. Ba3 c4 30. bxc4 dxc4 31. Rxc4 Rxc4 32. Rxc4 Ne5 33. Qxd8 1-0

[Event "European-ch Seniors 2018"]
[Site "Drammen"]
[Date "2018.08.09"]
[Round "6"]
[White "Karason, Askell Orn"]
[Black "Lederman, Leon S"]
[Result "1-0"]
[ECO "D35"]
[WhiteElo "2217"]
[BlackElo "2245"]
[Annotator "NA"]
[PlyCount "105"]
[EventDate "2018.08.04"]
[EventType "swiss"]
[EventCountry "NOR"]
[SourceTitle "playchess.com"]
[Source "ChessBase"]
[SourceQuality "1"]
[TimeControl "40/5400+30:1800+30"]

1. d4 d5 2. c4 e6 3. Nc3 Nf6 4. cxd5 exd5 5. Bg5 Be7 6. e3 Nbd7 7. Qc2 c6 8. Bd3 O-O 9. Nge2 Re8 10. O-O Nf8 11. f3 g6 12. Rad1 Ne6 13. Bh4 Ng7 14. e4 dxe4 15. fxe4 Ng4 16. Bxe7 Qxe7 17. Qd2 f5 18. h3 Nf6 19. e5 Nd7 20. Bc4+ Kh8 21. Qh6 Nf8 22. Ne4 Be6 23. Bxe6 Ngxe6 24. Nd6 Red8 25. g4 Ng7 26. Ng3 Rxd6 27. exd6 Qxd6 28. Qf4 Qxf4 29. Rxf4 Nge6 30. Rf2 f4 31. Ne4 Rd8 32. Rfd2 Nc7 33. d5 Rxd5 34. Rxd5 Nxd5 35. Nc3 Ne7 36. Re1 Nd5 37. Nxd5 cxd5 38. Re7 a6 39. Rxb7 Ne6 40. Rd7 d4 41. Rd6 Ng5 42. h4 Nf3+ 43. Kf2 Nxh4 44. Rxa6 g5 45. b4 Kg7 46. b5 h5 47. b6 hxg4 48. b7 g3+ 49. Ke2 f3+ 50. Kd2 f2 51. b8=Q f1=Q 52. Qe5+ Kf7 53. Qc7+ 1-0

[Event "European-ch Seniors 2018"]
[Site "Drammen"]
[Date "2018.08.09"]
[Round "6"]
[White "Zimmermann, Luc"]
[Black "Bjerke, Richard"]
[Result "1-0"]
[ECO "C09"]
[WhiteElo "2184"]
[BlackElo "2141"]
[Annotator "NA"]
[PlyCount "151"]
[EventDate "2018.08.04"]
[EventType "swiss"]
[EventCountry "NOR"]
[SourceTitle "playchess.com"]
[Source "ChessBase"]
[SourceQuality "1"]
[TimeControl "40/5400+30:1800+30"]

1. e4 e6 2. d4 d5 3. Nd2 c5 4. exd5 exd5 5. Ngf3 Nc6 6. Bb5 Qe7+ 7. Be2 Qc7 8. O-O Nf6 9. Re1 Be7 10. dxc5 Bxc5 11. Nb3 Bb6 12. Bd3+ Be6 13. Be3 O-O 14. Qd2 Rac8 15. Bxb6 Qxb6 16. c3 Rfe8 17. Nfd4 Qc7 18. f3 Ne5 19. Rad1 Nxd3 20. Qxd3 Qf4 21. Qd2 Qd6 22. Qf2 b6 23. Qg3 Qxg3 24. hxg3 Bd7 25. Rxe8+ Rxe8 26. Nc1 g6 27. Kf2 Kf8 28. g4 h6 29. Rh1 Kg7 30. Nd3 a5 31. Nf4 Re7 32. Rd1 Re5 33. Rb1 Re8 34. Nc2 g5 35. Ne2 h5 36. gxh5 Nxh5 37. Rd1 Nf6 38. Ne3 Re5 39. g4 Bc8 40. Ng3 Bd7 41. Rh1 Ng8 42. Ngf5+ Bxf5 43. Nxf5+ Kf8 44. Rh5 f6 45. Rh8 Re8 46. Rh7 Rb8 47. Rd7 Ke8 48. Rxd5 Ne7 49. Nxe7 Kxe7 50. Rb5 Kd6 51. Rf5 Ke6 52. Ke3 Rd8 53. Rb5 Rd6 54. Ke4 Rc6 55. b3 Rd6 56. c4 Rc6 57. Kd4 Rd6+ 58. Rd5 Rc6 59. a4 Ke7 60. c5 Ke6 61. cxb6 Rxb6 62. Rb5 Ra6 63. Kc4 Kd6 64. Rf5 Ke6 65. Rb5 Kd6 66. Kd4 Ke6 67. Ke4 Ra8 68. Rb6+ Ke7 69. Kf5 Rc8 70. Rb7+ Kd6 71. Kxf6 Rf8+ 72. Kxg5 Rxf3 73. Kg6 Re3 74. g5 Re6+ 75. Kf7 Re1 76. g6 1-0

[Event "European-ch Seniors 2018"]
[Site "Drammen"]
[Date "2018.08.09"]
[Round "6"]
[White "Fatalibekova, Elena"]
[Black "Renman, Nils Gustaf"]
[Result "0-1"]
[ECO "A06"]
[WhiteElo "2181"]
[BlackElo "2348"]
[Annotator "NA"]
[PlyCount "88"]
[EventDate "2018.08.04"]
[EventType "swiss"]
[EventCountry "NOR"]
[SourceTitle "playchess.com"]
[Source "ChessBase"]
[SourceQuality "1"]
[TimeControl "40/5400+30:1800+30"]

1. Nf3 d5 2. e3 Nf6 3. c4 e6 4. d4 c6 5. b3 Nbd7 6. Bd3 Bd6 7. Bb2 Qe7 8. Nbd2 e5 9. dxe5 Nxe5 10. Nxe5 Bxe5 11. Bxe5 Qxe5 12. O-O O-O 13. Nf3 Qe7 14. Qc2 dxc4 15. Bxc4 Bg4 16. Nd4 c5 17. Ne2 Rad8 18. Rad1 g6 19. Qc1 Bd7 20. Nc3 Bc6 21. f3 a6 22. a4 Rxd1 23. Rxd1 Rd8 24. e4 Rxd1+ 25. Qxd1 Qe5 26. Qd3 Kg7 27. Ne2 Nd7 28. Qc3 b5 29. axb5 axb5 30. Bd3 b4 31. Qc1 Qd6 32. Bc4 Ne5 33. f4 Nxc4 34. Qxc4 Bb7 35. Qc2 Qc6 36. Ng3 Ba6 37. Qb2+ Qf6 38. Qc1 Qd4+ 39. Kh1 c4 40. bxc4 Bxc4 41. f5 b3 42. f6+ Kxf6 43. Qf4+ Ke6 44. Qg4+ Ke7 0-1

[Event "European-ch Seniors 2018"]
[Site "Drammen"]
[Date "2018.08.09"]
[Round "6"]
[White "Hedin, Gunnar"]
[Black "Barle, Janez"]
[Result "1/2-1/2"]
[ECO "A03"]
[WhiteElo "2179"]
[BlackElo "2249"]
[Annotator "NA"]
[PlyCount "21"]
[EventDate "2018.08.04"]
[EventType "swiss"]
[EventCountry "NOR"]
[SourceTitle "playchess.com"]
[Source "ChessBase"]
[SourceQuality "1"]
[TimeControl "40/5400+30:1800+30"]

1. f4 d5 2. Nf3 Nc6 3. e3 Bg4 4. Bb5 e6 5. h3 Bxf3 6. Qxf3 Nge7 7. O-O g6 8. c3 Bg7 9. d4 O-O 10. Nd2 Qd7 11. e4 1/2-1/2

[Event "European-ch Seniors 2018"]
[Site "Drammen"]
[Date "2018.08.09"]
[Round "6"]
[White "Holst, Conny"]
[Black "Blomstrom, Lars"]
[Result "1/2-1/2"]
[ECO "E73"]
[WhiteElo "2147"]
[BlackElo "2167"]
[Annotator "NA"]
[PlyCount "27"]
[EventDate "2018.08.04"]
[EventType "swiss"]
[EventCountry "NOR"]
[SourceTitle "playchess.com"]
[Source "ChessBase"]
[SourceQuality "1"]
[TimeControl "40/5400+30:1800+30"]

1. d4 Nf6 2. c4 g6 3. Nc3 Bg7 4. e4 d6 5. Be2 O-O 6. Bg5 c5 7. d5 h6 8. Be3 e6 9. Qd2 exd5 10. cxd5 Re8 11. f3 a6 12. a4 Nbd7 13. Nh3 Ne5 14. Nf2 1/2-1/2

[Event "European-ch Seniors 2018"]
[Site "Drammen"]
[Date "2018.08.09"]
[Round "6"]
[White "Ashby, Anthony"]
[Black "Furman, Boris"]
[Result "1/2-1/2"]
[ECO "B22"]
[WhiteElo "2055"]
[BlackElo "2242"]
[Annotator "NA"]
[PlyCount "141"]
[EventDate "2018.08.04"]
[EventType "swiss"]
[EventCountry "NOR"]
[SourceTitle "playchess.com"]
[Source "ChessBase"]
[SourceQuality "1"]
[TimeControl "40/5400+30:1800+30"]

1. e4 c5 2. c3 Nf6 3. d3 g6 4. f4 d6 5. Nf3 Bg7 6. g3 Nc6 7. Bg2 O-O 8. O-O e5 9. Qc2 Qe7 10. Na3 Nh5 11. Bd2 exf4 12. gxf4 f5 13. Rae1 fxe4 14. Ng5 Kh8 15. Nxe4 Qh4 16. f5 Be5 17. h3 Nf4 18. Bxf4 Bxf4 19. Qf2 Qxf2+ 20. Rxf2 g5 21. Rxf4 gxf4 22. Nxd6 Bd7 23. Rf1 Rf6 24. Nxb7 Rxf5 25. Nc4 Rg8 26. Nbd6 f3 27. Nxf5 Rxg2+ 28. Kh1 Bxf5 29. Rxf3 Rg5 30. Nd6 Be6 31. Ne4 Re5 32. b3 Bd5 33. Rf4 Ne7 34. Kh2 Ng6 35. Rf6 Bxe4 36. dxe4 Rxe4 37. Rc6 Re2+ 38. Kg1 Rxa2 39. Rxc5 Nf4 40. h4 Ra3 41. Rc4 Ng6 42. h5 Ne5 43. Rc5 Nf7 44. b4 Ra2 45. Kf1 Kg7 46. Ke1 Kh6 47. Kd1 Ng5 48. Rc7 Kxh5 49. c4 Kg4 50. c5 h5 51. c6 Ra6 52. b5 Rb6 53. Rxa7 Rxb5 54. Ra4+ Kg3 55. Rc4 Rb8 56. Rc5 Kg4 57. Rc4+ Kf5 58. Rc5+ Kf6 59. Ke1 Rc8 60. c7 h4 61. Kf1 Kg6 62. Kg1 Ne6 63. Re5 Ng5 64. Rc5 Ne4 65. Rc6+ Kf5 66. Kh2 Ng5 67. Rc1 Ne6 68. Rf1+ Kg5 69. Rg1+ Kh5 70. Re1 Nxc7 71. Rc1 1/2-1/2

[Event "European-ch Seniors 2018"]
[Site "Drammen"]
[Date "2018.08.09"]
[Round "6"]
[White "Johnsen, Sylvia"]
[Black "Burchardt, Brigitte"]
[Result "0-1"]
[ECO "A36"]
[WhiteElo "1977"]
[BlackElo "2189"]
[Annotator "NA"]
[PlyCount "82"]
[EventDate "2018.08.04"]
[EventType "swiss"]
[EventCountry "NOR"]
[SourceTitle "playchess.com"]
[Source "ChessBase"]
[SourceQuality "1"]
[TimeControl "40/5400+30:1800+30"]

1. c4 c5 2. Nc3 Nc6 3. g3 Nf6 4. Bg2 d6 5. Nf3 g6 6. O-O Bg7 7. d4 cxd4 8. Nxd4 Bd7 9. Nc2 O-O 10. e4 Qc8 11. Ne3 Re8 12. Ncd5 Ne5 13. Qe2 Nfg4 14. Rb1 Rb8 15. f4 Nxe3 16. Nxe3 Nc6 17. Rd1 b5 18. cxb5 Nd4 19. Qf2 Bxb5 20. b3 Qa6 21. Bb2 Ne2+ 22. Kh1 Nc3 23. Bxc3 Bxc3 24. Nd5 Ba5 25. f5 Bd8 26. Rbc1 Rc8 27. fxg6 hxg6 28. Rxc8 Qxc8 29. a4 e6 30. Ne3 Ba6 31. Rxd6 Bb6 32. Qe1 Qc5 33. Rxb6 axb6 34. h4 Qh5 35. g4 Qa5 36. Qf2 Rc8 37. g5 Rc1+ 38. Kh2 Qe5+ 39. Kh3 Rc3 40. Kg4 Qd4 41. Kf3 Bb7 0-1

[Event "European-ch Seniors 2018"]
[Site "Drammen"]
[Date "2018.08.09"]
[Round "6"]
[White "Baliuniene, Margarita"]
[Black "Birkholz, Olga"]
[Result "0-1"]
[ECO "A04"]
[WhiteElo "1937"]
[BlackElo "2048"]
[Annotator "NA"]
[PlyCount "60"]
[EventDate "2018.08.04"]
[EventType "swiss"]
[EventCountry "NOR"]
[SourceTitle "playchess.com"]
[Source "ChessBase"]
[SourceQuality "1"]
[TimeControl "40/5400+30:1800+30"]

1. Nf3 g6 2. d4 Bg7 3. g3 f5 4. Bg2 Nf6 5. c4 O-O 6. Nc3 c6 7. Bg5 Ne4 8. Nxe4 fxe4 9. Nh4 Qa5+ 10. Bd2 Qa6 11. O-O d5 12. cxd5 cxd5 13. Qb3 Be6 14. Be3 Nc6 15. Rad1 Na5 16. Qb4 Bf6 17. f4 Bg4 18. f5 g5 19. Qc5 Rad8 20. Nf3 exf3 21. exf3 Nc4 22. Bc1 b6 23. Qb4 Bxf5 24. f4 g4 25. Rfe1 Qa5 26. Qb3 e6 27. Re2 Nd6 28. a4 Qa6 29. Bf1 Qc8 30. Bd2 Bxd4+ 0-1

[Event "European-ch Seniors 2018"]
[Site "Drammen"]
[Date "2018.08.09"]
[Round "6"]
[White "Ali, Karim"]
[Black "Krohg, Georg A"]
[Result "1-0"]
[ECO "A01"]
[WhiteElo "1819"]
[BlackElo "1956"]
[Annotator "NA"]
[PlyCount "65"]
[EventDate "2018.08.04"]
[EventType "swiss"]
[EventCountry "NOR"]
[SourceTitle "playchess.com"]
[Source "ChessBase"]
[SourceQuality "1"]
[TimeControl "40/5400+30:1800+30"]

1. b3 e5 2. Bb2 Nc6 3. e3 d5 4. Bb5 Bd6 5. Nf3 f6 6. h3 Nge7 7. d4 e4 8. Nfd2 Bd7 9. a3 a6 10. Bf1 Na7 11. c4 c6 12. Nc3 f5 13. Qh5+ g6 14. Qd1 f4 15. exf4 Bxf4 16. g3 Bc7 17. Ncxe4 dxe4 18. Nxe4 Rf8 19. d5 Nxd5 20. cxd5 Qe7 21. Qe2 O-O-O 22. Nc3 Qg5 23. h4 Qh6 24. Bg2 Rde8 25. Be4 cxd5 26. Nxd5 Re6 27. Nxc7 Kxc7 28. Qc4+ Rc6 29. Be5+ Kc8 30. Bxc6 Bxc6 31. Qe6+ Bd7 32. Qd6 Nc6 33. Qc7# 1-0

[Event "European-ch Seniors 2018"]
[Site "Drammen"]
[Date "2018.08.10"]
[Round "7"]
[White "Vorotnikov, Vladislav V"]
[Black "Stebbings, Anthony"]
[Result "1/2-1/2"]
[ECO "B40"]
[WhiteElo "2445"]
[BlackElo "2265"]
[Annotator "NA"]
[PlyCount "84"]
[EventDate "2018.08.04"]
[EventType "swiss"]
[EventCountry "NOR"]
[SourceTitle "playchess.com"]
[Source "ChessBase"]
[SourceQuality "1"]
[TimeControl "40/5400+30:1800+30"]

1. e4 c5 2. Nf3 e6 3. c3 Nf6 4. e5 Nd5 5. g3 d6 6. exd6 Bxd6 7. d4 O-O 8. Bg2 Nc6 9. O-O cxd4 10. Nxd4 Nxd4 11. Qxd4 Qc7 12. Nd2 Rd8 13. Nc4 Be7 14. Ne3 Nxe3 15. Qxe3 Bd7 16. Qe2 Bc6 17. Qc4 Rac8 18. Be3 Bxg2 19. Qxc7 Rxc7 20. Kxg2 b6 21. Rfd1 Rcd7 22. Rxd7 Rxd7 23. a4 Bc5 24. Kf3 Kf8 25. b4 Bxe3 26. Kxe3 Ke7 27. c4 Kd8 28. a5 Kc7 29. axb6+ Kxb6 30. f4 f6 31. h4 e5 32. fxe5 fxe5 33. Ra5 Rd4 34. Rb5+ Kc6 35. Ra5 Kb6 36. c5+ Kb7 37. c6+ Kxc6 38. Rxa7 Rg4 39. Kf3 h5 40. b5+ Kxb5 41. Re7 Kc6 42. Rxe5 g6 1/2-1/2

[Event "European-ch Seniors 2018"]
[Site "Drammen"]
[Date "2018.08.10"]
[Round "7"]
[White "Ogaard, Leif"]
[Black "Werner, Clemens"]
[Result "1/2-1/2"]
[ECO "E63"]
[WhiteElo "2386"]
[BlackElo "2258"]
[Annotator "NA"]
[PlyCount "46"]
[EventDate "2018.08.04"]
[EventType "swiss"]
[EventCountry "NOR"]
[SourceTitle "playchess.com"]
[Source "ChessBase"]
[SourceQuality "1"]
[TimeControl "40/5400+30:1800+30"]

1. d4 Nf6 2. c4 d6 3. Nc3 g6 4. g3 Bg7 5. Bg2 O-O 6. Nf3 Nc6 7. O-O a6 8. d5 Na5 9. Nd2 c5 10. Rb1 Rb8 11. b3 e5 12. dxe6 Bxe6 13. Nde4 Nxe4 14. Nxe4 Bf5 15. Bf4 Be5 16. Nxd6 Bxd6 17. Qxd6 Bxb1 18. Qxb8 Qxb8 19. Bxb8 Bxa2 20. Bd6 Re8 21. Bxc5 Bxb3 22. Ra1 Rxe2 23. Bb4 Nc6 1/2-1/2

[Event "European-ch Seniors 2018"]
[Site "Drammen"]
[Date "2018.08.10"]
[Round "7"]
[White "Renman, Nils-Gustaf"]
[Black "Hedin, Gunnar"]
[Result "1/2-1/2"]
[ECO "A88"]
[WhiteElo "2348"]
[BlackElo "2179"]
[Annotator "NA"]
[PlyCount "84"]
[EventDate "2018.08.04"]
[EventType "swiss"]
[EventCountry "NOR"]
[SourceTitle "playchess.com"]
[Source "ChessBase"]
[SourceQuality "1"]
[TimeControl "40/5400+30:1800+30"]

1. d4 d6 2. Nf3 f5 3. c4 Nf6 4. g3 g6 5. Bg2 Bg7 6. Nc3 O-O 7. O-O c6 8. Qc2 Qc7 9. d5 e5 10. dxe6 Bxe6 11. b3 Na6 12. Ng5 Rfe8 13. Bb2 Rad8 14. Nxe6 Rxe6 15. Rad1 Rde8 16. e3 Nc5 17. b4 Nce4 18. Ne2 R6e7 19. Rd3 Ng5 20. Rfd1 Nf7 21. Qb3 Ne4 22. Bxg7 Kxg7 23. Qb2+ Kg8 24. f3 Neg5 25. f4 Ne4 26. Nc3 Nxc3 27. Qxc3 a6 28. h3 Re6 29. a4 Qe7 30. Kf2 g5 31. Bf3 Rh6 32. Bg2 gxf4 33. exf4 Qe2+ 34. Kg1 Rg6 35. Qd2 Qxd2 36. R1xd2 Re1+ 37. Kf2 Rc1 38. Rd4 Rc3 39. R2d3 Rc2+ 40. Rd2 Rc3 41. R2d3 Rc2+ 42. Rd2 Rc3 1/2-1/2

[Event "European-ch Seniors 2018"]
[Site "Drammen"]
[Date "2018.08.10"]
[Round "7"]
[White "Gaprindashvili, Nona"]
[Black "Karason, Askell Orn"]
[Result "1/2-1/2"]
[ECO "A41"]
[WhiteElo "2305"]
[BlackElo "2217"]
[Annotator "NA"]
[PlyCount "100"]
[EventDate "2018.08.04"]
[EventType "swiss"]
[EventCountry "NOR"]
[SourceTitle "playchess.com"]
[Source "ChessBase"]
[SourceQuality "1"]
[TimeControl "40/5400+30:1800+30"]

1. d4 d6 2. c4 e5 3. Nc3 exd4 4. Qxd4 Nc6 5. Qd2 Nf6 6. b3 Be6 7. e4 a5 8. f3 g6 9. Bb2 Bg7 10. Nge2 a4 11. Rd1 axb3 12. axb3 O-O 13. g3 Nd7 14. Nb5 Nce5 15. Bxe5 dxe5 16. Nc1 c6 17. Nc3 Qb6 18. Na4 Qa7 19. Qf2 Qa5+ 20. Qd2 Qxd2+ 21. Kxd2 Rfd8 22. Kc3 Bf8 23. Be2 Nc5 24. Rxd8 Rxd8 25. Nd3 Nxa4+ 26. bxa4 Ra8 27. Rb1 Rxa4 28. Rxb7 Rxc4+ 29. Kd2 f6 30. Bd1 Rd4 31. Kc3 c5 32. Bc2 c4 33. Nf4 Bf7 34. Nd5 Bxd5 35. exd5 Bh6 36. Rd7 Bd2+ 37. Kb2 Bb4 38. h4 Be1 39. h5 gxh5 40. Bxh7+ Kf8 41. Bg6 c3+ 42. Kb3 Rb4+ 43. Ka3 Rc4 44. Kb3 Rb4+ 45. Ka3 Rb6 46. d6 c2 47. Bxc2 Bb4+ 48. Ka4 Rxd6 49. Rxd6 Bxd6 50. Bg6 Kg7 1/2-1/2